 Dungeon Crawl Stone Soup version 0.27-a0-412-g8dd771e (webtiles) character file.

Game seed: 7426769613038382448

475 MrTaco21 the Cudgeller (level 7, 0/41 HPs)
             Began as a Gargoyle Fighter on Feb 23, 2021.
             Killed by divine providence
             ... invoked by an orc priest
              (15 damage)
             ... on level 4 of the Dungeon.
             The game lasted 00:04:02 (4288 turns).

MrTaco21 the Cudgeller (Gargoyle Fighter)           Turns: 4288, Time: 00:04:02

Health: 0/41       AC: 14    Str: 22    XL:     7   Next: 10%
Magic:  7/7        EV:  7    Int:  8    God:
Gold:   206        SH:  9    Dex:  9    Spells: 6/6 levels left

rFire    . . .     SeeInvis .   a - +0 flail
rCold    . . .     Faith    .   c - +0 kite shield
rNeg     + . .     Spirit   .   b - +0 scale mail
rPois    ∞         Reflect  .   o - +0 helmet
rElec    +         Harm     .   s - +1 cloak
rCorr    .         Rampage  .   (no gloves)
Will     +....                  (no boots)
Stlth    ..........             (no amulet)
HPRegen  0.13/turn              q - ring of willpower
MPRegen  0.10/turn              (no ring)

@: no status effects
A: negative energy resistance 1, electricity resistance, unbreathing,
petrification resistance, miasma immunity, AC +4
a: no special abilities


You were on level 4 of the Dungeon.
You visited 1 branch of the dungeon, and saw 4 of its levels.
You also visited: Sewer.

You collected 206 gold pieces.

Inventory:

Hand Weapons
 a - a +0 flail (weapon)
Missiles
 m - 21 poisoned darts (quivered)
Armour
 b - a +0 scale mail (worn)
 c - a +0 kite shield (worn)
 o - a +0 helmet (worn)
   (You found it on level 2 of the Dungeon)
 s - a +1 cloak (worn)
   (You found it on level 3 of the Dungeon)
Jewellery
 q - a ring of willpower (left hand)
   (You found it on level 3 of the Dungeon)
 x - an amulet of reflection {unknown}
   (You found it on level 4 of the Dungeon)
Wands
 t - a wand of flame (16)
   (You took it off Ijyb on level 4 of the Dungeon)
Scrolls
 e - 4 scrolls of amnesia {unknown}
 f - 4 scrolls of identify {unknown}
 g - a scroll of fear {unknown}
 h - a scroll of teleportation {unknown}
 j - 5 scrolls of enchant weapon {unknown}
 k - 3 scrolls of fog {unknown}
Potions
 d - a potion of might
 i - a potion of invisibility {unknown}
 l - 2 potions of haste {unknown}
 n - 4 potions of flight {unknown}
 p - 2 potions of degeneration {unknown}
 r - 4 potions of curing {unknown}
 u - 2 potions of heal wounds {unknown}
 v - a potion of brilliance {unknown}
 w - 2 potions of lignification {unknown}


   Skills:
 - Level 3.2 Fighting
 + Level 7.5 Maces & Flails
 - Level 3.2 Armour
 - Level 3.2 Shields


You had 6 spell levels left.
You didn't know any spells.
Your spell library contained the following spells:

 Spells                   Type           Power        Failure   Level
 Magic Dart               Conj           0%           99%         1
 Blink                    Tloc           N/A          100%        2
 Call Imp                 Summ           0%           100%        2
 Slow                     Hex            0%           100%        2
 Conjure Flame            Conj/Fire      0%           100%        3
 Mephitic Cloud           Conj/Pois/Air  0%           100%        3


Dungeon Overview and Level Annotations

Branches:
Dungeon (4/15)              Sewer (visited)
 Temple: D:4-7

Altars:
Fedhas


Innate Abilities, Weirdness & Mutations

You are resistant to torment.
Your stone body is resilient. (AC +4)
You are immune to poison.
You resist negative energy. (rN+)
You are resistant to electric shocks. (rElec)
You can survive without breathing.
You are immune to petrification.
You are immune to miasma.


Message History

No target in view!
No target in view!
No target in view!
Found 6 gold pieces.
You see here an iguana corpse.
You now have 206 gold pieces (gained 6).
You see here an iguana corpse.
An orc comes into view. It is wielding a +0 flail.
An orc is nearby!
An orc is nearby!
An orc is nearby!
An orc wizard comes into view. It is wielding a +0 dagger.
The orc wizard shouts!
An orc priest comes into view.
The orc wizard moves out of view.
An orc comes into view. It is wielding a +0 club.
The orc shouts!
The orc priest shouts!
Found a stone staircase leading down.
The orc barely misses you.
You hit the orc.
The orc priest mumbles some strange prayers to Beogh against you.
Beogh smites you!
An orc comes into view. It is wielding a +0 flail.
The orc hits you with a +0 flail.
The orc shouts!
You hit the orc.
You kill the orc!
The orc priest barely misses you.
Things that are here:
a +0 flail; 5 boomerangs; an orc corpse You sock the orc priest!
The orc wizard hits you but does no damage.
You barely miss the orc.
The orc wizard hits you but does no damage.
You block the orc's attack. x2
You hit the orc but do no damage. The orc wizard completely misses you.
The orc priest invokes the aid of Beogh against you.
Beogh smites you!
* * * LOW HITPOINT WARNING * * *
The orc hits you but does no damage.
You hit the orc wizard. You block the orc's attack.
The orc wizard hits you but does no damage.
You barely miss the orc wizard. The orc hits you but does no damage.
The orc wizard hits you but does no damage.
The orc barely misses you.
Unknown command.
You hit the orc wizard. You block the orc's attack.
The orc priest invokes the aid of Beogh against you.
Beogh smites you!
You die...

......... .# .# ########.
##.##.###########.
#..#.................
#........... .....##.
#..#>..... ........
#..#o... ..#####.##.
#..#oo#..............
#..#@o#.[...##.......
######..#..#.....#####.##.
................##.# #†##.
#.####.####.#..##.###....
#...................
###.................
#.#.##.........###
##.#.######.###.# #
#...........###.###


You could see an orc priest, an orc wizard and 2 orcs.

Vanquished Creatures
  A centaur (D:4)
  A kobold brigand (Sewer)
  A centaur skeleton (D:2)
  Ijyb (D:4)
  An iguana (D:4)
  An orc wizard (D:4)
  3 worker ants (D:4)
  A gnoll (D:1)
  2 adders (D:2)
  3 river rats (Sewer)
  An ooze (D:2)
  2 worms (D:3)
  A dart slug (D:1)
  A leopard gecko (D:4)
  9 orcs
  7 giant cockroaches
  3 goblins
  6 hobgoblins
  6 jackals
  12 kobolds
  6 quokkas
  3 ball pythons (D:4)
  4 bats
  4 frilled lizards
  8 rats
88 creatures vanquished.

Notes
Turn   | Place    | Note
-------+----------+-------------------------------------------
     0 | D:1      | MrTaco21 the Gargoyle Fighter began the quest for the Orb.
     0 | D:1      | Reached XP level 1. HP: 14/14 MP: 1/1
   215 | D:1      | Reached XP level 2. HP: 19/19 MP: 2/2
   335 | D:1      | Reached skill level 3 in Maces & Flails
   678 | D:1      | Reached XP level 3. HP: 22/23 MP: 3/3
  1027 | D:2      | Reached skill level 4 in Maces & Flails
  1027 | D:2      | Reached XP level 4. HP: 26/28 MP: 4/4
  2388 | D:3      | Reached skill level 5 in Maces & Flails
  2391 | D:3      | Reached XP level 5. HP: 27/32 MP: 5/5
  2483 | D:3      | Found a blossoming altar of Fedhas.
  3148 | D:4      | Found a glowing drain.
  3225 | Sewer    | Entered a sewer
  3293 | Sewer    | Noticed a kobold brigand
  3354 | Sewer    | Killed a kobold brigand
  3355 | Sewer    | Reached skill level 6 in Maces & Flails
  3355 | Sewer    | Reached XP level 6. HP: 31/37 MP: 6/6
  3479 | Sewer    | Found a white marble altar of Elyvilon.
  3624 | D:4      | Noticed Ijyb
  3635 | D:4      | Killed Ijyb
  3947 | D:4      | Reached skill level 7 in Maces & Flails
  3947 | D:4      | Reached XP level 7. HP: 19/41 MP: 7/7
  4288 | D:4      | Killed from afar by an orc priest

Illustrated notes

Levels and vault maps discovered:
D:1:      minmay_arrival_stone_box, layout_basic, serial_forest,
          infiniplex_forest_lined_ring, infiniplex_forest_lined_1,
          infiniplex_forest_straight_3, infiniplex_forest_clump_diagonal,
          infiniplex_forest_clump_small, infiniplex_forest_clump_long,
          infiniplex_forest_lined_4_way, infiniplex_forest_zigzag_1,
          infiniplex_forest_lined_3
D:2:      layout_basic
D:3:      layout_basic, fedhas_ov_isle_minmay, corner_web_ring
D:4:      layout_basic, portal_sewer_entry_a, hangedman_decor_clover_reticule,
          minmay_misc_feat_encased, uniq_ijyb

Skill      XL: |  1  2  3  4  5  6 |
---------------+-------------------+-----
Maces & Flails | 3 4 5 6 7 |  7.5
Fighting       | |  3.2
Armour         | |  3.2
Shields        | |  3.2

Action                   |  1- 3 |  4- 6 |  7- 9 || total
-------------------------+-------+-------+-------++-------
Melee: Flail             |    74 |   298 |    15 ||   387
Armor: Scale mail        |    32 |   180 |     8 ||   220
Dodge: Dodged            |    24 |   110 |     7 ||   141
Block: Kite shield       |    33 |   158 |     5 ||   196

Table legend: (Time is in decaauts)
 A = Elapsed time spent in this place.
 B = Non-inter-level travel time spent in this place.
 C = Inter-level travel time spent in this place.
 D = Time resting spent in this place.
 E = Time spent auto-exploring this place.
 F = Levels seen in this place.
 G = Mean time per level.
                   A        B        C        D        E       F      G
               +--------+--------+--------+--------+--------+-----+--------+
         Total |   4479 |   4401 |     78 |     84 |   3422 |   5 |  895.8 |
       Dungeon |   4120 |   4042 |     78 |     29 |   3273 |   4 | 1030.0 |
         Sewer |    359 |    359 |      0 |     55 |    148 |   1 |  359.0 |
               +--------+--------+--------+--------+--------+-----+--------+

Top non-repeatable levels by time:
     D:4: 1200 daAuts
     D:2: 1061 daAuts
     D:3: 984 daAuts
     D:1: 874 daAuts
   Sewer: 359 daAuts
